Map: Línea Aguablanca EE

Players

MrFercho - Winner!

  • Race: Zerg Zerg
  • League: Gold
  • Spawn Location: 12:00

tigro - Winner!

  • Race: Terran Terran
  • League: Bronze
  • Spawn Location: 1:00

TATORREA - Winner!

  • Race: Protoss Protoss
  • League: Gold
  • Spawn Location: 1:00

cuts

  • Race: Protoss Protoss
  • League: Diamond
  • Spawn Location: 7:00

emaster

  • Race: Terran Terran
  • Spawn Location: 6:00

Xenu

  • Race: Protoss Protoss
  • Spawn Location: 7:00

VOD

Have the link to the VOD?

Description

Time

  • Played on: Aug. 7, 2020, 9:27 p.m.
  • Length: 14:26
Show
View Real Time Build Order
Export as new Build Order

MrFercho Zerg - Winner!

Build Orders: Hatch First 

Get SALT Encoding   

  12  0:05  Drone  
  13  0:14  Overlord  
  13  0:26  Drone  
  14  0:42  Drone x2  
  16  0:55  Drone  
  17  1:00  Hatchery  
  16  1:06  Drone  
  17  1:34  Spawning Pool, Drone x2  
  17  1:37  Extractor  
  17  1:44  Drone  
  18  2:12  Drone x2  
  18  2:13  Drone  
  18  2:14  Overlord  
  21  2:25  Queen  
  21  2:26  Queen  
  21  2:28  Roach Warren  
  24  2:40  Zergling x6  
  27  2:49  Drone x3  
  30  2:57  Overlord  
  30  3:19  Roach x4  
  40  3:20  Roach  
  40  3:25  Extractor  
  39  3:42  Ravager  
  40  3:50  Drone x3  
  40  3:55  Ravager  
  44  4:19  Spine Crawler  
  44  4:21  Ravager  
  44  4:24  Overlord x2  
  44  4:25  Overlord  
  44  4:39  Overlord  
  44  4:40  Overlord  
  42  5:09  Ravager  
  42  5:10  Ravager  
  42  5:13  Roach x8  
  57  6:21  Drone x6  
  59  6:36  Drone x2  
  61  6:45  Lair  
  61  6:48  Drone x2  
  63  7:01  Hatchery  
  63  7:02  Extractor  
  63  7:03  Hatchery  
  63  7:07  Drone x4  
  64  7:22  Roach x6  
  76  7:33  Drone  
  76  7:34  Drone  
  78  7:37  Extractor  
  78  7:38  Zergling x2  
  78  7:39  Zergling x6  
  78  7:43  Glial Reconstitution  
  81  7:52  Spire  
  81  7:53  Spore Crawler  
  79  7:59  Drone  
  79  8:00  Drone x3  
  83  8:05  Nydus Network  
  83  8:06  Drone x2  
  83  8:11  Hatchery  
  83  8:18  Spore Crawler  
  82  8:20  Drone  
  82  8:21  Drone  
  82  8:25  Overlord x2  
  84  8:36  Hydralisk Den  
  84  8:39  Drone  
  84  9:37  Spore Crawler  
  84  9:38  Queen  
  84  9:40  Spore Crawler  
  82  9:50  Spore Crawler  
  80  10:05  Drone x3  
  80  10:22  Hydralisk x2  
  80  10:23  Hydralisk x17  
  80  10:26  Muscular Augments  
  80  10:27  Overlord x4  
  118  11:08  Nydus Canal  
  115  11:38  Grooved Spines  
  99  11:52  Hydralisk  
  99  11:53  Hydralisk x13  
  68  12:13  Infestation Pit  
  67  12:24  Drone x2  
  67  12:25  Drone x3  
  71  12:47  Nydus Canal  
  71  12:57  Hydralisk x2  
  71  12:58  Hydralisk x7  
  89  13:14  Overseer  
  89  13:21  Spine Crawler  
  89  13:22  Spine Crawler  
  89  13:23  Spine Crawler  
  89  13:24  Spine Crawler  
  75  13:34  Hydralisk x4  
  75  13:35  Hydralisk x3  
  75  13:38  Zergling x32  
  75  13:39  Zergling x2  
Show
View Real Time Build Order
Export as new Build Order

tigro Terran - Winner!

Build Orders:  

Get SALT Encoding   

  12  0:23  SCV  
  13  0:34  Supply Depot  
  13  0:35  SCV  
  14  0:47  SCV  
  15  0:57  Supply Depot  
  15  0:59  SCV  
  15  1:02  Barracks  
  16  1:39  SCV  
  17  1:45  Refinery  
  17  1:46  Refinery  
  17  1:51  SCV  
  18  1:57  Marine  
  19  2:03  SCV  
  20  2:15  SCV, Marine  
  22  2:27  SCV  
  23  2:33  Marine  
  24  2:37  Factory  
  25  2:44  SCV  
  25  2:51  Marine  
  26  2:56  SCV  
  27  3:08  SCV, Marine  
  29  3:21  Orbital Command  
  29  3:23  Barracks  
  29  3:28  Factory Tech Lab  
  29  3:29  Engineering Bay  
  29  3:37  Barracks Tech Lab  
  29  3:57  Siege Tank  
  32  4:13  Barracks Reactor  
  32  4:17  Combat Shield  
  32  4:29  Siege Tank  
  30  5:27  Supply Depot  
  30  5:49  Supply Depot, Siege Tank  
  33  6:10  Marine x2  
  35  6:21  Siege Tank  
  38  6:28  Marine x2  
  40  6:46  Marine x2  
  42  7:00  Starport  
  42  7:03  Marine  
  42  7:04  Marine  
  42  7:08  Marine  
  45  7:18  Command Center  
  45  7:21  Marine x2  
  47  7:23  Refinery  
  47  7:26  Marine  
  48  7:38  Missile Turret  
  48  7:39  Marine x2  
  48  7:44  Marine  
  51  7:57  Marine x2  
  53  7:59  Medivac  
  53  8:00  Missile Turret  
  53  8:01  Marine  
  53  8:04  Stimpack  
  56  8:06  Terran Infantry Weapons Level 1  
  56  8:19  Marine  
  56  8:21  Missile Turret  
  57  8:38  Refinery  
  57  8:50  SCV  
  58  8:58  Missile Turret  
  58  9:02  SCV  
  59  9:14  SCV  
  60  9:19  Missile Turret  
  60  9:21  Armory  
  60  9:26  SCV  
  61  9:38  SCV  
  62  9:50  SCV  
  63  10:01  Terran Infantry Armor Level 1  
  63  10:02  SCV  
  64  10:09  Missile Turret  
  64  10:12  Fusion Core  
  64  10:14  SCV  
  65  10:25  Marine x3  
  65  10:26  SCV  
  69  10:30  Starport Tech Lab  
  69  10:32  Terran Vehicle Weapons Level 1  
  69  10:34  Missile Turret  
  69  10:38  SCV  
  70  10:43  Marine x3  
  73  10:50  SCV  
  73  10:56  Missile Turret  
  74  11:01  Marine x3  
  74  11:03  SCV  
  78  11:23  Missile Turret  
  78  11:27  Supply Depot  
  78  11:47  Missile Turret  
  78  11:49  Medivac, Thor  
  78  11:51  Supply Depot  
  78  11:54  Marine  
  86  11:55  Neosteel Armor  
  86  11:56  Marine  
  86  11:58  Marine  
  86  12:13  Marine  
  87  12:19  Battlecruiser  
  93  12:27  Terran Vehicle And Ship Armor Level 1  
  75  12:31  Thor  
  75  12:34  Marine  
  75  12:35  Marine x2  
  73  12:52  Marine  
  73  12:53  Marine x2  
  63  13:10  Marine x3  
  45  13:28  Marine x3  
  41  13:46  Marine x3  
  40  14:04  Marine x3  
Show
View Real Time Build Order
Export as new Build Order

TATORREA Protoss - Winner!

Build Orders:  

Get SALT Encoding   

  12  0:03  Probe  
  13  0:15  Probe  
  14  0:27  Probe, Pylon  
  15  0:45  Probe  
  16  0:52  Gateway  
  16  0:57  Probe  
  17  1:09  Probe  
  18  1:21  Probe  
  18  1:24  Gateway  
  19  1:37  Pylon  
  19  1:40  Zealot (Chrono Boost), Assimilator  
  19  1:44  Pylon  
  20  2:10  Probe  
  20  2:13  Assimilator  
  21  2:22  Probe  
  22  2:27  Cybernetics Core  
  22  2:38  Probe  
  23  2:50  Probe  
  24  3:06  Robotics Facility, Warp Gate  
  26  3:18  Stalker x2 (Chrono Boost)  
  28  3:40  Stalker x2  
  32  3:52  Pylon  
  32  3:55  Pylon  
  32  3:57  Immortal (Chrono Boost)  
  36  4:25  Immortal (Chrono Boost)  
  40  4:44  Gateway  
  40  4:47  Gateway  
  40  4:54  Immortal (Chrono Boost)  
  40  6:12  Stalker x2  
  44  6:41  Pylon  
  44  6:44  Pylon  
  44  6:56  Probe  
  44  6:59  Immortal  
  49  7:10  Nexus  
  49  7:13  Probe  
  50  7:25  Probe  
  51  7:38  Immortal  
  51  7:42  Stalker x2  
  59  7:48  Probe (Chrono Boost)  
  61  7:59  Probe (Chrono Boost)  
  61  8:04  Probe (Chrono Boost)  
  62  8:14  Probe  
  62  8:17  Pylon  
  62  8:19  Pylon  
  63  8:22  Immortal  
  67  8:33  Probe x2  
  69  8:38  Assimilator  
  69  8:40  Assimilator  
  69  8:45  Probe x2, Stargate  
  71  8:50  Pylon  
  71  8:54  Immortal, Pylon  
  71  8:58  Probe x2  
  77  9:11  Probe (Chrono Boost), Gateway  
  77  9:15  Probe (Chrono Boost)  
  79  9:17  Gateway  
  79  9:22  Probe (Chrono Boost)  
  81  9:25  Probe (Chrono Boost)  
  81  9:28  Probe (Chrono Boost)  
  82  9:50  Stalker  
  82  9:51  Stalker  
  86  10:25  Void Ray  
  90  10:31  Observer  
  91  10:38  Nexus  
  91  10:40  Pylon  
  91  10:42  Pylon  
  91  10:44  Protoss Air Weapons Level 1  
  91  10:45  Stargate  
  91  10:46  Stargate  
  91  10:47  Probe x2  
  93  10:52  Immortal  
  97  10:59  Probe x2, Stalker  
  97  11:01  Stalker  
  103  11:11  Probe x2  
  99  11:23  Probe x2  
  101  11:26  Stalker x4  
  101  11:32  Void Ray  
  113  11:35  Probe x2  
  83  12:27  Stalker x2  
  83  12:28  Stalker x2  
  83  12:29  Probe  
  93  12:30  Probe x2  
  94  12:41  Probe, Assimilator  
  94  12:42  Probe x2  
  94  12:43  Assimilator  
  97  12:45  Void Ray x2, Gateway  
  97  12:47  Gateway  
  97  12:50  Gateway  
  105  12:52  Gateway  
  105  12:54  Probe  
  100  13:11  Stalker x2  
  100  13:12  Stalker x2  
  69  13:50  Stalker  
  69  13:51  Stalker x3  
  69  13:52  Stalker x3  
  79  14:12  Probe x3  
Show
View Real Time Build Order
Export as new Build Order

cuts Protoss 

Build Orders:  

Get SALT Encoding   

  12  0:01  Probe (Chrono Boost)  
  13  0:11  Probe (Chrono Boost)  
  14  0:23  Pylon  
  14  0:26  Probe  
  15  0:41  Probe  
  16  0:46  Forge  
  16  0:53  Probe  
  16  0:56  Gateway  
  17  1:11  Pylon  
  17  1:16  Probe  
  18  1:20  Assimilator  
  18  1:28  Probe  
  18  1:29  Photon Cannon  
  19  1:39  Gateway  
  19  1:51  Photon Cannon  
  19  2:03  Cybernetics Core  
  19  2:11  Probe (Chrono Boost)  
  20  2:20  Assimilator  
  21  2:22  Probe (Chrono Boost)  
  21  2:27  Probe (Chrono Boost)  
  22  2:34  Warp Gate (Chrono Boost)  
  22  2:35  Pylon  
  22  2:50  Probe  
  23  2:57  Photon Cannon  
  23  2:59  Photon Cannon  
  23  3:02  Probe  
  23  3:03  Robotics Facility  
  24  3:45  Shield Battery  
  24  3:49  Photon Cannon  
  24  3:50  Shield Battery  
  24  3:52  Immortal (Chrono Boost)  
  28  3:56  Gateway  
  28  4:17  Stalker  
  28  4:18  Stalker  
  32  4:29  Immortal (Chrono Boost)  
  36  4:43  Sentry  
  38  5:06  Pylon  
  34  5:27  Stalker  
  34  5:28  Stalker x2  
  23  6:04  Nexus  
  23  6:06  Pylon  
  23  6:41  Cybernetics Core  
  23  6:45  Assimilator  
  23  6:49  Assimilator  
  23  6:53  Protoss Ground Weapons Level 1 (Chrono Boost)  
  23  7:00  Zealot x2  
  27  7:03  Probe  
  27  7:08  Photon Cannon  
  28  7:09  Photon Cannon  
  28  7:14  Photon Cannon  
  28  7:18  Probe (Chrono Boost)  
  28  7:21  Probe (Chrono Boost)  
  30  7:28  Pylon  
  32  7:30  Probe (Chrono Boost)  
  32  7:32  Probe (Chrono Boost)  
  32  7:35  Probe (Chrono Boost)  
  33  7:47  Probe x2  
  35  7:59  Probe x2  
  35  8:02  Shield Battery  
  35  8:04  Stalker x2  
  41  8:10  Pylon  
  41  8:11  Probe (Chrono Boost)  
  42  8:13  Pylon  
  42  8:15  Twilight Council  
  42  8:23  Probe (Chrono Boost)  
  43  8:29  Probe (Chrono Boost)  
  44  8:38  Probe (Chrono Boost)  
  47  8:49  Probe (Chrono Boost)  
  47  8:50  Probe (Chrono Boost)  
  47  8:54  Probe (Chrono Boost)  
  47  8:57  Probe (Chrono Boost), Dark Shrine  
  49  9:04  Probe  
  49  9:05  Gateway  
  49  9:08  Gateway  
  49  9:09  Probe  
  51  9:10  Gateway  
  51  9:12  Gateway  
  51  9:16  Probe  
  52  9:27  Protoss Ground Weapons Level 2 (Chrono Boost)  
  52  9:28  Probe, Templar Archives  
  53  9:37  Charge  
  53  9:48  Nexus  
  53  9:54  Pylon, Psionic Storm  
  53  10:12  Pylon  
  53  10:16  Gateway  
  53  10:20  Gateway  
  53  10:28  High Templar x2  
  55  10:29  High Templar x3  
  55  10:30  High Templar  
  65  10:37  Archon x2  
  65  10:38  Archon  
  65  10:49  Shield Battery  
  65  10:53  Photon Cannon  
  65  10:56  Assimilator  
  65  11:01  Assimilator  
  65  11:03  Pylon  
  65  11:04  Probe (Chrono Boost)  
  65  11:05  Pylon  
  65  11:07  Photon Cannon  
  66  11:14  Probe (Chrono Boost)  
  67  11:19  Probe (Chrono Boost)  
  67  11:25  High Templar x4  
  74  11:26  High Templar x3  
  74  11:30  High Templar  
  74  11:31  Probe  
  85  11:34  Archon x2  
  85  11:35  Archon x2  
Show
View Real Time Build Order
Export as new Build Order

emaster Terran 

Build Orders:  

Get SALT Encoding   

  12  0:01  SCV  
  13  0:13  SCV  
  14  0:24  Supply Depot  
  14  0:25  SCV  
  15  0:46  SCV  
  16  0:55  Barracks  
  16  0:58  SCV  
  16  1:03  Refinery  
  17  1:10  SCV  
  18  1:22  SCV  
  19  1:34  SCV  
  20  1:46  SCV  
  21  1:49  Command Center  
  21  1:59  SCV  
  22  2:07  Refinery  
  22  2:11  SCV  
  22  2:13  Factory  
  23  2:33  Supply Depot  
  23  2:54  Marine  
  23  2:55  SCV  
  23  2:56  Supply Depot  
  25  3:00  Factory Tech Lab  
  25  3:02  Armory  
  25  3:07  SCV  
  25  3:08  Orbital Command  
  25  3:12  Marine  
  26  3:19  Orbital Command  
  27  3:27  Refinery  
  27  3:30  Marine  
  28  3:37  Engineering Bay  
  28  3:44  SCV  
  28  3:47  SCV  
  28  3:48  Marine  
  31  3:56  SCV  
  31  3:59  SCV  
  33  4:05  Siege Tank  
  33  4:06  Marine  
  33  4:08  SCV  
  38  4:11  SCV  
  38  4:15  Starport  
  39  4:20  Terran Infantry Weapons Level 1  
  39  4:24  Marine  
  40  4:27  Missile Turret  
  40  4:31  SCV x2  
  42  4:41  Marine  
  42  4:43  SCV  
  42  4:44  SCV  
  45  4:47  Refinery  
  45  4:55  SCV  
  45  4:56  SCV, Siege Tank  
  45  4:59  Marine  
  51  5:00  Missile Turret  
  51  5:03  Liberator  
  54  5:15  Supply Depot  
  54  5:36  SCV, Marine, Siege Tank  
  54  5:38  Supply Depot  
  59  5:48  SCV  
  60  5:54  Marine  
  61  6:00  SCV  
  62  6:09  Widow Mine  
  64  6:12  Marine  
  64  6:13  SCV  
  55  6:29  Marine  
  55  6:30  Widow Mine  
  55  6:37  Supply Depot  
  55  6:47  Marine  
  55  6:51  Widow Mine  
  58  6:57  Terran Vehicle Weapons Level 1, Factory  
  58  6:58  Barracks  
  58  6:59  Supply Depot, Terran Infantry Weapons Level 2  
  58  7:05  Marine  
  59  7:12  Siege Tank  
  62  7:23  Supply Depot, Marine  
  63  7:41  Marine  
  64  7:45  Siege Tank  
  64  7:46  Factory Tech Lab  
  64  7:47  Supply Depot  
  67  7:52  SCV x2  
  69  7:58  Marine  
  69  8:04  SCV  
  69  8:05  SCV, Thor  
  78  8:10  Supply Depot  
  78  8:14  Starport Tech Lab  
  78  8:16  SCV, Marine  
  78  8:17  SCV, Siege Tank  
  84  8:29  SCV  
  85  8:35  Barracks Tech Lab x2  
  85  8:48  Thor  
  91  8:49  Barracks, Siege Tank  
  91  8:51  Command Center  
  91  8:52  Terran Vehicle And Ship Armor Level 1  
  94  9:00  Liberator  
  97  9:16  Terran Infantry Armor Level 1  
  97  9:21  Hellion  
  97  9:23  Combat Shield  
  101  9:31  Hellion  
  101  9:37  Marine x2  
  103  9:38  Barracks  
  103  9:43  Hellbat, Liberator  
  110  9:53  Hellbat  
  110  9:55  Marine x2  
  112  10:04  Hellbat  
  111  10:13  Marine x2  
  111  10:14  Siege Tank  
  116  10:21  Factory  
  116  10:22  Orbital Command  
  116  10:25  Thor  
  116  10:26  Viking  
  124  10:31  Refinery, Marine x2  
  126  10:39  SCV x2  
  128  10:45  Terran Vehicle Weapons Level 2, Thor  
  128  10:47  Marine  
  128  10:48  Marine x3  
  138  10:51  SCV x2  
  138  10:56  Viking, Refinery  
  142  11:03  SCV x2  
  144  11:05  Marine  
  144  11:06  Marine x3  
  148  11:13  Hellbat  
  149  11:22  Supply Depot  
  149  11:38  Marine  
  149  11:39  SCV, Hellbat, Marine x2  
  149  11:40  Marine  
  149  11:41  Hellbat  
  149  11:45  Supply Depot  
  137  11:56  Marine  
  137  11:57  Marine x2  
  137  11:58  Marine  
  137  12:00  Thor  
  146  12:02  Hellbat  
  148  12:10  Missile Turret  
  148  12:14  Marine  
  146  12:16  Marine  
  144  12:23  Thor  
  144  12:29  Missile Turret  
  113  13:29  Marine x4  
  111  13:35  Thor  
  115  13:46  Marine  
  115  13:47  Marine x3  
  102  14:04  Marine x2  
  102  14:05  Marine  
Show
View Real Time Build Order
Export as new Build Order

Xenu Protoss 

Build Orders:  

Get SALT Encoding   

  12  0:00  Probe  
  13  0:13  Probe  
  14  0:19  Pylon  
  14  0:25  Probe  
  15  0:37  Probe (Chrono Boost)  
  15  0:42  Gateway  
  16  0:48  Probe (Chrono Boost)  
  17  0:51  Assimilator  
  17  0:57  Assimilator  
  17  0:59  Probe  
  18  1:11  Probe (Chrono Boost)  
  19  1:23  Probe (Chrono Boost)  
  20  1:26  Pylon  
  20  1:30  Cybernetics Core  
  20  1:35  Zealot  
  22  1:45  Probe  
  23  1:59  Probe  
  23  2:14  Stalker  
  23  2:15  Warp Gate  
  25  2:27  Probe (Chrono Boost)  
  26  2:33  Gateway  
  26  2:36  Gateway  
  27  2:37  Probe (Chrono Boost)  
  27  2:49  Probe  
  28  3:02  Nexus  
  28  3:20  Pylon  
  28  3:28  Twilight Council  
  28  3:30  Pylon  
  28  3:37  Pylon  
  28  3:57  Probe (Chrono Boost)  
  29  4:04  Stalker, Gateway  
  29  4:05  Stalker  
  29  4:07  Probe (Chrono Boost)  
  29  4:09  Blink (Chrono Boost)  
  34  4:15  Probe  
  35  4:17  Probe (Chrono Boost)  
  36  4:29  Probe (Chrono Boost)  
  36  4:30  Stalker  
  40  4:33  Probe (Chrono Boost)  
  40  4:47  Forge  
  40  4:50  Pylon  
  40  4:51  Stalker  
  42  4:57  Probe x2  
  44  5:09  Probe x2  
  46  5:39  Probe x2  
  48  5:44  Stalker x4  
  56  5:58  Probe x2  
  56  6:01  Assimilator  
  56  6:03  Assimilator  
  54  6:06  Photon Cannon  
  54  6:09  Stalker  
  54  6:10  Probe, Stalker x3, Pylon  
  57  6:16  Gateway  
  57  6:20  Gateway  
  57  6:45  Stalker x4  
  65  6:54  Pylon  
  65  7:01  Pylon  
  65  7:05  Pylon  
  65  7:22  Zealot x5  
  75  7:29  Charge  
  75  7:30  Protoss Ground Weapons Level 1  
  74  7:41  Robotics Facility  
  74  7:43  Stalker x2  
  78  7:44  Stalker  
  78  7:45  Stalker x2  
  78  7:47  Sentry  
  86  8:01  Photon Cannon  
  86  8:03  Photon Cannon  
  86  8:04  Probe (Chrono Boost)  
  86  8:05  Probe (Chrono Boost)  
  88  8:14  Probe (Chrono Boost)  
  89  8:20  Templar Archives  
  89  8:24  Probe  
  89  8:25  Probe  
  91  8:50  Probe x2  
  93  9:02  Probe x2  
  95  9:04  Nexus  
  95  9:08  Pylon  
  95  9:10  Pylon  
  95  9:18  Gateway  
  95  9:23  Gateway  
  95  9:24  Gateway  
  95  9:25  Probe x2  
  97  9:39  Probe x2  
  99  9:49  Stalker x3  
  99  9:50  Stalker, Zealot  
  99  9:51  Zealot  
  111  9:58  Gateway  
  111  10:01  Gateway  
  111  10:04  Gateway  
  111  10:13  Photon Cannon  
  111  10:17  Photon Cannon  
  111  10:19  Photon Cannon  
  111  10:23  Photon Cannon  
  111  10:26  Photon Cannon  
  111  10:28  Photon Cannon  
  111  10:33  Probe x3  
  114  10:46  Assimilator  
  114  10:48  Stalker x2, Assimilator  
  118  11:06  High Templar  
  118  11:07  High Templar x6  
  132  11:13  Pylon  
  132  11:15  Archon x3  
  132  11:16  Pylon  
  101  11:55  Sentry, Zealot x2  
  101  11:56  Zealot  
  97  12:08  Zealot  
  97  12:09  Zealot  
  97  12:10  Zealot x3  
  107  12:22  Zealot  
  109  12:47  Pylon  
  109  12:49  Pylon  
  109  12:54  Pylon  
  109  13:00  Pylon  
  101  13:23  Stalker  
  101  13:24  Stalker x4  
  101  13:35  Nexus  
  79  14:01  Pylon  
  67  14:04  Zealot x5  
  67  14:05  Zealot  
  53  14:13  Cybernetics Core  
Tags
 
Add a new tag
Caveats
  • Supply blocks, unpowered buildings, or Contaminate may cause inaccurate times.
  • Supply counts are checked every 10 seconds.